 Dungeon Crawl Stone Soup version 0.30-a0-596-g0af90f9a20 (webtiles) character file.

Game seed: 544904175659452843

266 flotson the Sneak (level 6, 0/48 HPs)
             Began as a Demonspawn Delver on Jan 7, 2023.
             Slain by a black bear (2 damage)
             ... on level 5 of the Dungeon.
             The game lasted 00:06:55 (3356 turns).

flotson the Sneak (Demonspawn Delver)               Turns: 3356, Time: 00:06:55

Health: 0/48       AC: 11    Str: 15    XL:     6   Next: 0%
Magic:  15/15      EV: 10    Int: 13    God:
Gold:   183        SH:  0    Dex: 14    Spells: 5/5 levels left

rFire   . . .      SeeInvis .    a - +0 broad axe
rCold   + . .      Faith    .    (no shield)
rNeg    . . .      Spirit   .    y - +3 scale mail "Pejucriss" {rC+ Stlth+}
rPois   .          Reflect  .    A - +0 helmet
rElec   .          Harm     .    (no cloak)
rCorr   .          Rampage  .    (no gloves)
Will    .....                    z - +0 pair of boots
Stlth   +++                      (no amulet)
HPRegen 0.28/turn                v - ring of magical power
MPRegen 0.14/turn                (no ring)

@: hasted, very quick
A: spiny 1, big brain 1, demonic magic 1, weakness stinger 1
a: no special abilities


You were on level 5 of the Dungeon.
You visited 1 branch of the dungeon, and saw 5 of its levels.

You collected 240 gold pieces.
You spent 57 gold pieces at shops.

Inventory:

Hand Weapons
 a - a +0 broad axe (weapon)
Missiles
 b - 4 boomerangs
 i - 6 boomerangs of dispersal (quivered)
 o - 6 poisoned darts
Armour
 y - the +3 scale mail "Pejucriss" (worn) {rC+ Stlth+}
   (You found it on level 4 of the Dungeon)

   rC:        It protects you from cold.
   Stlth:     It makes you more stealthy.
 z - a +0 pair of boots (worn)
 A - a +0 helmet (worn)
Jewellery
 v - a ring of magical power (left hand)
 B - a ring of poison resistance
Wands
 g - a wand of digging (3)
Scrolls
 c - a scroll of fog
 d - 2 scrolls of fear
 m - 2 scrolls of enchant weapon {unknown}
 n - 2 scrolls of teleportation {unknown}
 p - 5 scrolls of identify {unknown}
 s - 2 scrolls of noise {unknown}
 t - a scroll of magic mapping
 x - a scroll of enchant armour {unknown}
Potions
 e - 4 potions of resistance {unknown}
 f - a potion of attraction {unknown}
 j - a potion of flight {unknown}
 k - 4 potions of brilliance {unknown}
 q - a potion of heal wounds {unknown}
 r - a potion of ambrosia {unknown}
 u - a potion of might {unknown}
 w - a potion of degeneration {unknown}


   Skills:
 + Level 3.8 Fighting
 * Level 2.4 Axes
 + Level 1.6 Throwing
 + Level 1.7 Armour
 + Level 2.8 Dodging
 - Level 5.0 Stealth
 + Level 2.1 Evocations


You had 5 spell levels left.
You didn't know any spells.
Your spell library contained the following spells:

 Spells                   Type           Power      Damage    Failure   Level
 Necrotise                Necr           0%         1d4       77%         1
 Cigotuvi's Dreadful Rot  Necr/Pois/Air  0%         N/A       88%         2
 Ensorcelled Hibernation  Hex/Ice        0%         N/A       88%         2
 Passwall                 Tmut/Erth      0%         N/A       88%         2
 Poisonous Vapours        Pois/Air       0%         N/A       88%         2
 Kindle Blastsparks       Fire/Tloc/Air  0%         2d10      98%         3
 Mephitic Cloud           Conj/Pois/Air  0%         N/A       98%         3
 Swiftness                Air            0%         N/A       98%         3
 Vampiric Draining        Necr           0%         2d6       98%         3
 Fulminant Prism          Conj/Hex       0%         3d5       100%        4
 Iskenderun's Mystic Bla  Conj/Tloc      0%         2d3       100%        4
 Agony                    Necr           0%         N/A       100%        5
 Lee's Rapid Deconstruct  Erth           0%         3d4*      100%        5


Dungeon Overview and Level Annotations

Branches:
Dungeon (5/15)
 Temple: D:4-7

Altars:
Ashenzari
Kikubaaqudgha

Shops:
D:2 *   D:4 :

Annotations:
D:3 2 transporters, tinescath's ghost, amateur BaIE


Innate Abilities, Weirdness & Mutations

You are partially covered in sharp spines.
You have an unusually large brain. (Int +2)
Spells you cast may paralyse adjacent enemies.
You have a small tail.


Message History

You are too injured to fight recklessly!
Unknown command.
You hit the black bear.
Your tail-slap misses the black bear.
The black bear is almost dead.
You barely miss the black bear.
The black bear is struck by your spines.
The black bear bites you!
* * * LOW HITPOINT WARNING * * *
The black bear barely misses you. The black bear claws you.
* * * LOW HITPOINT WARNING * * *
The black bear is struck by your spines.
The black bear bites you but does no damage.
The black bear claws you but does no damage. x2
The black bear barely misses you.
The black bear claws you but does no damage.
The black bear barely misses you.
As you read the scroll of fear, it crumbles to dust.
You assume a fearsome visage.
The black bear is unaffected.
The black bear looks frightened!
The black bear bites you.
* * * LOW HITPOINT WARNING * * *
The black bear claws you.
* * * LOW HITPOINT WARNING * * *
The black bear claws you but does no damage.
The black bear bites you but does no damage.
The black bear claws you.
* * * LOW HITPOINT WARNING * * *
The black bear barely misses you.
You feel yourself speed up.
The black bear bites you but does no damage.
The black bear claws you but does no damage.
The black bear claws you.
* * * LOW HITPOINT WARNING * * *
You see here a +0 war axe.
You barely miss the black bear.
Your tail-slap misses the black bear.
The black bear is almost dead.
The black bear bites you but does no damage.
The black bear closely misses you. The black bear claws you.
* * * LOW HITPOINT WARNING * * *
The black bear closely misses you. The black bear claws you.
You die...

##.##.###..# #.# ...........#
#.# ##.######### #.# #,**
####*####.### *,,*
*#...##......#
**,***.....#.##.#.#
***,**,.......*#...#
*,,,,,,.?.....*##..#
*,*,**,.......##@..##
*,*,**,......†.h....#*
*,*,*#,#...###†......#
*,*,*#.#*#####.......#
*,*.##.,,,...........#
*,,.....**#.##......## *****
***,##..###.##.#...##**** *,,,,
*,#......h..h#....,,,,* *,*** #
#.#...#...<.##...##**,*****,***


You could see 2 black bears.

Vanquished Creatures
  A necrophage (D:5)
  A hound (D:5)
  3 gnolls
  5 adders
  2 ufetubi (D:4)
  3 worms
  A dart slug (D:1)
  An orc (D:4)
  8 bats
  6 endoplasms
  3 giant cockroaches
  8 goblins
  7 hobgoblins
  4 jackals (D:5)
  4 kobolds
  6 quokkas
  5 ball pythons
  3 frilled lizards
  4 rats
75 creatures vanquished.

Notes
Turn   | Place    | Note
-------+----------+-------------------------------------------
     0 | D:5      | flotson the Demonspawn Delver began the quest for the Orb.
     0 | D:5      | Reached XP level 1. HP: 18/18 MP: 1/1
    18 | D:5      | Noticed a black bear
    78 | D:5      | Noticed a phantom
   218 | D:4      | Found a broken altar of Ashenzari.
   337 | D:4      | Gained mutation: You have a small tail. [demonic ancestry]
   337 | D:4      | Reached XP level 2. HP: 18/24 MP: 2/2
   608 | D:1      | Gained mutation: Spells you cast may paralyse adjacent
                  | enemies. [demonic ancestry]
   608 | D:1      | Reached XP level 3. HP: 29/29 MP: 3/3
  1049 | D:1      | Reached skill level 1 in Evocations
  1422 | D:1      | Reached skill level 1 in Armour
  1500 | D:2      | Gained mutation: You have an unusually large brain. (Int
                  | +2) [demonic ancestry]
  1500 | D:2      | Reached XP level 4. HP: 35/35 MP: 4/4
  1620 | D:2      | Found Uziraew's Assorted Antiques.
  1624 | D:2      | Bought a bubbling pink potion for 18 gold pieces
  1624 | D:2      | Bought a bubbling pink potion for 18 gold pieces
  1624 | D:2      | Bought a scroll labelled ZAWOET JUTS for 21 gold pieces
  1892 | D:3      | Found a faded altar of an unknown god.
  1909 | D:3      | Found a transporter.
  1953 | D:3      | Found a transporter.
  1953 | D:3      | Noticed tinescath's ghost (amateur BaIE)
  1976 | D:3      | Reached skill level 1 in Throwing
  2527 | D:4      | Found an ancient bone altar of Kikubaaqudgha.
  2664 | D:4      | Reached skill level 5 in Stealth
  2664 | D:4      | Gained mutation: You are partially covered in sharp spines.
                  | [demonic ancestry]
  2664 | D:4      | Reached XP level 5. HP: 41/41 MP: 5/5
  2716 | D:4      | Identified the +3 scale mail "Pejucriss" {rC+ Stlth+}
  2752 | D:4      | Found Wingiybu's Self-Improvement Boutique.
  3342 | D:5      | Noticed a black bear
  3351 | D:5      | Reached XP level 6. HP: 21/48 MP: 6/6
  3353 | D:5      | HP: 2/48 [black bear (2)]
  3356 | D:5      | Slain by a black bear

Illustrated notes

Levels and vault maps discovered:
D:1:      dpeg_arrival_tiny_i, layout_loops_ring
D:2:      layout_rooms, basic_altar, serial_shops, nicolae_shop_crystal
D:3:      layout_loops_ring, hellmonk_ecumenical_altar_pennies_from_heaven,
          gammafunk_ghost_arena, kennysheep_decorative_pillar
D:4:      layout_loops_corners, lemuel_round_altar, lemuel_crystal_altar,
          nicolae_shop_self_help
D:5:      layout_loops_cross

Skill      XL: |  1  2  3  4  5 |
---------------+----------------+-----
Axes           | 2 |  2.4
Dodging        | 2 |  2.8
Evocations     | 1 2 |  2.1
Armour         | 1 |  1.7
Throwing       | 1 |  1.6
Stealth        | 5 |  5.0
Fighting       | |  3.8

Action                   |  1- 3 |  4- 6 || total
-------------------------+-------+-------++-------
Melee: Hand axe          |    24 |       ||    24
       War axe           |    56 |    80 ||   136
       Tailslap          |     7 |     7 ||    14
       Punch             |     1 |       ||     1
       Broad axe         |       |    15 ||    15
  Use: Scroll            |     2 |     1 ||     3
       Potion            |     1 |     1 ||     2
 Stab: Sleeping          |     9 |    12 ||    21
Armor: Leather armour    |    31 |    19 ||    50
       Scale mail        |       |    40 ||    40
Dodge: Dodged            |    51 |    66 ||   117

Table legend: (Time is in decaauts)
 A = Elapsed time spent in this place.
 B = Non-inter-level travel time spent in this place.
 C = Inter-level travel time spent in this place.
 D = Time resting spent in this place.
 E = Time spent auto-exploring this place.
 F = Levels seen in this place.
 G = Mean time per level.
                   A        B        C        D        E       F      G
               +--------+--------+--------+--------+--------+-----+--------+
         Total |   3403 |   3242 |    161 |     63 |   2404 |   5 |  680.6 |
       Dungeon |   3403 |   3242 |    161 |     63 |   2404 |   5 |  680.6 |
               +--------+--------+--------+--------+--------+-----+--------+

Top non-repeatable levels by time:
     D:4: 1028 daAuts
     D:1: 918 daAuts
     D:3: 790 daAuts
     D:2: 501 daAuts
     D:5: 165 daAuts
